 Dungeon Crawl Stone Soup version 0.21-a0-516-gaaff437 (webtiles) character file.

12 Gerstahl the Charlatan (level 2, 21/21 HPs)
             Began as a Demonspawn Artificer on Dec 3, 2017.
             Quit the game on level 1 of the Dungeon.
             The game lasted 00:01:31 (374 turns).

Gerstahl the Charlatan (Demonspawn Artificer)        Turns: 374, Time: 00:01:32

Health: 21/21      AC:  3    Str: 12    XL:     2   Next: 20%
Magic:  4/4        EV: 12    Int: 12    God:
Gold:   15         SH:  0    Dex: 13    Spells: 1/1 levels left

rFire    . . .     SeeInvis .   a - +0 short sword
rCold    . . .     Gourm    .   (no shield)
rNeg     . . .     Faith    .   b - +0 leather armour
rPois    .         Spirit   .   (helmet restricted)
rElec    .         Reflect  .   (no cloak)
rCorr    .         Harm     .   (no gloves)
MR       .....                  (no boots)
Stlth    +.........             (no amulet)
HPRegen  0.07/turn              (no ring)
MPRegen  0.09/turn              (no ring)

@: no status effects
A: antennae 1
a: no special abilities


You were on level 1 of the Dungeon.
You were not hungry.

You visited 1 branch of the dungeon, and saw 1 of its levels.

You collected 15 gold pieces.

Inventory:

Hand Weapons
 a - a +0 short sword (weapon)
Armour
 b - a +0 leather armour (worn)
Wands
 c - a wand of flame (12)
 d - a wand of enslavement (15)
 e - a wand of random effects (15)
Potions
 h - a potion of resistance {unknown}
Comestibles
 f - a bread ration
 g - 2 meat rations


   Skills:
 + Level 1.5 Fighting
 + Level 1.3 Short Blades
 - Level 1.7 Dodging
 - Level 0.8 Stealth
 + Level 3.2 Evocations


You had one spell level left.
You didn't know any spells.

Dungeon Overview and Level Annotations

Branches:
Dungeon (1/15)

Altars:


Innate Abilities, Weirdness & Mutations

You have a pair of small antennae on your head.


Message History

There are monsters nearby!
You closely miss the kobold.
The kobold is severely wounded.
The kobold closely misses you.
There are monsters nearby!
You hit the kobold.
You kill the kobold!
A rat is nearby!
You closely miss the rat. The rat barely misses you.
A rat is nearby!
You hit the rat but do no damage. The rat closely misses you.
A rat is nearby!
You closely miss the rat. The rat barely misses you.
A rat is nearby!
You hit the rat.
You kill the rat!
You see here a giant cockroach corpse.
Key pressed, stopping explore.
No target in view!
Are you sure you want to abandon this character and quit the game? (Confirm with "yes".)

...........# .##...
...........# .....
...##......## ..#.#
.......#....♣#♣.♣.♣#♣
....##......(.......# #.
.#.####.....♣(......♣...
##.# ##........†.......
##.# #.....♣...†...♣...
##.# ......#....@.......
...#........♣.......♣..#
............#.........#
........... ♣.♣#♣.♣.♣.#
..####.... ...[ ......#
..# .....#. ......#
..... ...#. ......#
#..... .. ♣.♣♣.## .####


There were no monsters in sight!

Vanquished Creatures
  2 giant cockroaches (D:1)
  A goblin (D:1)
  3 hobgoblins (D:1)
  2 kobolds (D:1)
  A bat (D:1)
  2 rats (D:1)
11 creatures vanquished.

Notes
Turn   | Place    | Note
-------+----------+-------------------------------------------
     0 | D:1      | Gerstahl the Demonspawn Artificer began the quest for the Orb.
     0 | D:1      | Reached XP level 1. HP: 15/15 MP: 3/3
    44 | D:1      | Reached skill level 1 in Short Blades
    96 | D:1      | Gained mutation: You have a pair of small antennae on your head. [demonic ancestry]
    96 | D:1      | Reached XP level 2. HP: 4/21 MP: 4/4
   374 | D:1      | Quit the game

Vault maps used:
D:1:      eino_arrival_cavern_a, serial_forest, infiniplex_forest_straight_4,
          infiniplex_forest_lined_3, infiniplex_forest_clump_small,
          infiniplex_forest_clump_tiny, infiniplex_forest_lined_room_3

Skill      XL: |  1 |
---------------+----+-----
Short Blades   | 1 |  1.3
Fighting       | |  1.5
Dodging        | |  1.7
Stealth        | |  0.8
Evocations     | |  3.2

Action                   || total
-------------------------++-------
Melee: Short sword       ||    39
Evoke: Wand              ||     3
Armor: Leather armour    ||    12
Dodge: Dodged            ||    39

Table legend:
 A = Spawn XP
 B = Non-spawn XP
 C = Spawn XP percentage of total XP
 D = Spawn monster count
 E = Non-spawn monster count
 F = Spawn count percentage of total count
 G = Total turns spent on level
                    A         B        C        D         E        F      G
               +---------+---------+-------+---------+---------+-------+---------
         Total |       0 |      18 |   0.0 |       0 |      11 |   0.0 |   374
               +---------+---------+-------+---------+---------+-------+---------
           D:1 |       0 |      18 |   0.0 |       0 |      11 |   0.0 |   374
               +---------+---------+-------+---------+---------+-------+---------
